Map: Ascension to Aiur LE

Players

Apogee

  • Race: Terran Terran
  • Spawn Location: 5:00

Drunkenboi - Winner!

  • Race: Terran Terran
  • Spawn Location: 11:00

Event: WCS Montreal 2017

VOD

Have the link to the VOD?

Description

Time

  • Played on: Sept. 8, 2017, 12:48 p.m.
  • Length: 5:43

All games in this series

Show
View Real Time Build Order
Export as new Build Order

Apogee Terran 

Build Orders: Cyclone Opening 

Get SALT Encoding   

  12  0:01  SCV  
  13  0:14  SCV  
  14  0:17  Supply Depot  
  14  0:26  SCV  
  15  0:29  Refinery  
  15  0:39  SCV  
  16  0:48  Barracks  
  16  0:51  SCV  
  17  1:01  Refinery  
  17  1:03  SCV  
  18  1:15  SCV  
  19  1:28  SCV  
  20  1:38  Reaper  
  21  1:40  Orbital Command  
  21  1:53  Factory  
  21  1:58  Supply Depot  
  21  2:05  SCV  
  22  2:19  SCV  
  23  2:29  Reaper  
  24  2:31  SCV  
  25  2:38  Cyclone  
  25  2:39  Starport  
  25  2:42  Supply Depot  
  25  2:43  SCV  
  29  2:55  SCV  
  30  3:08  SCV  
  30  3:10  Command Center  
  31  3:19  Cyclone  
  34  3:23  Medivac  
  34  3:26  Barracks Reactor  
  36  3:36  Supply Depot  
  36  3:37  SCV  
  37  3:47  Barracks  
  37  3:51  SCV  
  37  3:54  Factory Tech Lab  
  38  3:57  Viking  
  40  4:08  Marine x2, SCV  
  43  4:14  Siege Tank  
  46  4:25  Marine  
  46  4:26  Marine  
  46  4:29  Orbital Command, SCV  
  49  4:37  Barracks Tech Lab  
  49  4:42  Engineering Bay  
  40  5:01  SCV  
  41  5:08  SCV  
  41  5:10  Marine  
  41  5:11  Marine, Starport Reactor  
  41  5:13  SCV  
  47  5:20  SCV  
  45  5:26  SCV  
Show
View Real Time Build Order
Export as new Build Order

Drunkenboi Terran - Winner!

Build Orders: 1/1/1, Banshee Rush 

Get SALT Encoding   

  12  0:00  SCV  
  13  0:12  SCV  
  14  0:17  Supply Depot  
  14  0:24  SCV  
  15  0:29  Refinery  
  15  0:39  SCV  
  16  0:45  Barracks  
  16  0:51  SCV  
  17  1:03  SCV  
  18  1:15  SCV  
  19  1:31  Orbital Command  
  19  1:32  Marine  
  20  1:33  Factory  
  20  1:36  Refinery  
  20  1:42  Bunker  
  20  1:51  Marine  
  21  1:56  Supply Depot  
  21  1:59  SCV  
  22  2:10  Marine  
  23  2:17  SCV  
  23  2:20  Starport  
  24  2:24  Hellion  
  26  2:30  Marine, SCV  
  27  2:38  Supply Depot  
  27  2:42  SCV  
  28  2:45  Factory Tech Lab  
  28  2:54  Marine, SCV  
  30  3:03  Supply Depot  
  30  3:07  Cloaking Field  
  30  3:10  Banshee  
  33  3:15  Widow Mine  
  33  3:17  SCV  
  36  3:20  Barracks Reactor  
  36  3:41  Command Center  
  36  3:47  Factory Tech Lab  
  36  3:51  SCV  
  36  3:55  Banshee  
  40  3:58  Supply Depot  
  40  4:00  Marine x2  
  42  4:06  SCV  
  43  4:11  Supply Depot  
  43  4:18  Marine  
  43  4:19  Siege Tank  
  43  4:20  Marine  
  49  4:24  SCV  
  49  4:36  Marine, SCV  
  51  4:38  Marine  
  51  4:44  Banshee  
  55  4:48  SCV  
  55  4:50  Supply Depot  
  56  4:59  Marine x2  
  58  5:00  Siege Tank  
  58  5:07  Orbital Command  
  61  5:16  Marine  
  61  5:17  Marine  
  61  5:19  Engineering Bay  
  63  5:30  SCV  
Tags
 
Add a new tag
Caveats
  • Supply blocks, unpowered buildings, or Contaminate may cause inaccurate times.
  • Supply counts are checked every 10 seconds.